Map: Echo LE (Void)

Players

Magna

  • Race: Zerg Zerg
  • Spawn Location: 5:00

Amix - Winner!

  • Race: Zerg Zerg
  • League: Platinum
  • Spawn Location: 11:00

VOD

Have the link to the VOD?

Description

Time

  • Played on: Nov. 29, 2016, 3:08 p.m.
  • Length: 5:30
Show
View Real Time Build Order
Export as new Build Order

Magna Zerg 

Build Orders: Pool Only 

Get SALT Encoding   

  12  0:01  Drone  
  13  0:08  Drone  
  14  0:15  Drone, Extractor  
  14  0:26  Drone, Extractor  
  15  0:31  Overlord  
  15  0:49  Spawning Pool  
  14  0:51  Drone  
  14  0:55  Drone  
  16  0:59  Drone  
  17  1:06  Drone  
  18  1:18  Drone  
  19  1:27  Drone  
  20  1:36  Lair  
  20  1:44  Overlord  
  19  1:54  Spine Crawler  
  19  1:59  Spine Crawler  
  17  2:01  Drone x2, Spine Crawler  
  18  2:13  Zergling x2  
  19  2:24  Zergling x2  
  20  2:36  Queen  
  21  2:38  Drone  
  22  2:45  Infestation Pit  
  22  2:50  Spine Crawler  
  19  2:52  Drone  
  19  2:53  Drone  
  21  3:06  Drone  
  21  3:25  Swarm Host  
  21  3:26  Swarm Host  
  27  3:38  Spine Crawler  
  14  3:49  Drone x2  
  16  3:57  Drone  
  17  4:03  Drone x3  
  17  4:18  Drone  
  18  4:26  Drone  
  19  4:31  Drone  
  19  4:32  Queen  
  22  4:45  Drone  
  22  4:50  Spine Crawler  
  19  4:57  Spine Crawler  
  18  5:00  Drone  
  19  5:12  Drone  
Show
View Real Time Build Order
Export as new Build Order

Amix Zerg - Winner!

Build Orders: Pool Only, Zergling Baneling 

Get SALT Encoding   

  12  0:01  Drone  
  13  0:23  Spawning Pool  
  13  0:25  Drone  
  13  0:32  Drone  
  14  0:38  Overlord  
  14  0:42  Extractor  
  13  0:44  Drone  
  14  1:09  Zergling x6  
  17  1:11  Queen  
  19  1:22  Zergling x2  
  20  1:31  Zergling x2  
  21  1:43  Metabolic Boost  
  21  1:45  Zergling x2  
  22  1:56  Overlord  
  22  2:06  Overlord  
  22  2:07  Baneling Nest  
  21  2:19  Zergling x2  
  21  2:20  Zergling x2  
  23  2:36  Zergling x2  
  23  2:37  Zergling x4  
  25  2:50  Zergling x2  
  26  2:52  Baneling  
  26  2:53  Baneling x4  
  26  3:01  Zergling x2  
  23  3:23  Baneling x3  
  23  3:25  Zergling x8  
  21  3:59  Zergling x12  
  23  4:27  Zergling x8  
  25  4:37  Zergling x4  
  27  4:46  Zergling x2  
  28  4:59  Baneling  
  28  5:00  Baneling x9  
  28  5:01  Baneling  
  28  5:02  Drone  
Tags
 
League
Platinum
Matchup
ZvZ
Race
Zerg
Spawn Locations
Cross Positions
Add a new tag
Caveats
  • Supply blocks, unpowered buildings, or Contaminate may cause inaccurate times.
  • Supply counts are checked every 10 seconds.